 Dungeon Crawl Stone Soup version 0.27-a0-660-g90476cec82 (webtiles) character file.

Game seed: 464052702157683346

62 robertstho the Firebug (level 3, -4/18 (19) HPs)
             Began as a Deep Elf Fire Elementalist on Mar 16, 2021.
             Slain by a wight
             ... wielding a +0 halberd
              (7 damage)
             ... on level 2 of the Dungeon.
             The game lasted 00:02:45 (1378 turns).

robertstho the Firebug (Deep Elf Fire Elementalist) Turns: 1378, Time: 00:02:46

HP:   -4/18 (19)    AC:  2    Str:  5    XL:     3   Next: 85%
MP:   5/10          EV: 12    Int: 20    God:
Gold: 64            SH:  0    Dex: 15    Spells: 8/9 levels left

rFire    + . .     SeeInvis .   b - +0 dagger
rCold    . . .     Faith    .   (no shield)
rNeg     . . .     Spirit   .   a - +0 robe
rPois    .         Reflect  .   (no helmet)
rElec    .         Harm     .   (no cloak)
rCorr    .         Rampage  .   (no gloves)
Will     .....                  (no boots)
Stlth    ++........             (no amulet)
HPRegen  0.06/turn              f - ring of protection from fire
MPRegen  0.12/turn              (no ring)

@: drained
A: no striking features
a: no special abilities


You were on level 2 of the Dungeon.
You visited 1 branch of the dungeon, and saw 2 of its levels.

You collected 64 gold pieces.

Inventory:

Hand Weapons
 b - a +0 dagger (weapon)
Armour
 a - a +0 robe (worn)
Jewellery
 f - a ring of protection from fire (right hand)
Scrolls
 c - 3 scrolls of identify {unknown}
 d - a scroll of enchant armour {unknown}
 g - a scroll of noise {unknown}
 i - a scroll of amnesia {unknown}
Potions
 e - a potion of curing {unknown}
 h - a potion of might {unknown}


   Skills:
 + Level 2.4 Dodging
 + Level 2.7 Stealth
 * Level 3.7 Spellcasting
 * Level 2.3 Conjurations
 * Level 4.3 Fire Magic


You had 8 spell levels left.
You knew the following spells:

 Your Spells              Type           Power      Damage    Failure   Level
a - Foxfire               Conj/Fire      68%        2x1d7     3%          1

Your spell library contained the following spells:

 Spells                   Type           Power      Damage    Failure   Level
 Conjure Flame            Conj/Fire      17%        6-21      10%         3
 Inner Flame              Hex/Fire       12%        N/A       16%         3
 Sticky Flame             Conj/Fire      17%        2d4       32%         4
 Fireball                 Conj/Fire      8%         3d6       67%         5


Dungeon Overview and Level Annotations

Branches:
Dungeon (2/15)

Altars:


Message History

The foxfire hits the kobold.
You kill the kobold!
Your foxfire dissipates!
A goblin comes into view.
Your foxfire dissipates!
The foxfire hits the goblin.
The goblin is moderately wounded.
Casting: Foxfire (safe; 3% risk of failure)
Press: ? - help, Q - select action Dir - look around, f - activate You conjure some foxfire!
Unknown command.
Casting: Foxfire (safe; 3% risk of failure)
Press: ? - help, Q - select action Dir - look around, f - activate You conjure some foxfire!
The foxfire hits the goblin.
You kill the goblin!
Unknown command.
Your foxfire dissipates! x2
Found 18 stones.
A wight comes into view. It is wielding a +0 halberd.
The wight moves out of view.
You see here a +0 whip of distortion.
A wight is nearby!
A wight is nearby!
A wight is nearby!
A wight is nearby!
A wight is nearby!
Casting: Foxfire (safe; 3% risk of failure)
Press: ? - help, Q - select action Dir - look around, f - activate You conjure some foxfire!
Unknown command.
The foxfire hits the wight but does no damage. x2
Casting: Foxfire (safe; 3% risk of failure)
Press: ? - help, Q - select action Dir - look around, f - activate You conjure some foxfire!
The wight hits you from afar with a +0 halberd!
Ouch! That really hurt!
* * * LOW HITPOINT WARNING * * *
You feel drained.
You die...

......... ### .....#
..#...... ..###......##
.....### #....#.)##....
..##.### .........(...
..##...######....#.......
..#......................
.......#.................
.#####....####..v........
................@........
.#############.v§).......
## #.§z........
###......... ..###.....
.... ..... ..... ..##
...... ... ###### ###


You could see a wight (ally target).

Vanquished Creatures
  An adder (D:2)
  An ooze (D:1)
  A worm (D:2)
  A dart slug (D:1)
  2 leopard geckos (D:1)
  8 bats
  4 giant cockroaches
  6 goblins
  6 hobgoblins (D:1)
  2 kobolds (D:2)
  2 frilled lizards (D:1)
  2 rats (D:1)
36 creatures vanquished.

Vanquished Creatures (others)
  129 foxfires
129 creatures vanquished.

Grand Total: 165 creatures vanquished

Notes
Turn   | Place    | Note
-------+----------+-------------------------------------------
     0 | D:1      | robertstho the Deep Elf Fire Elementalist began the quest
                  | for the Orb.
     0 | D:1      | Reached XP level 1. HP: 10/10 MP: 6/6
   174 | D:1      | Reached XP level 2. HP: 15/15 MP: 4/8
   555 | D:1      | Reached skill level 4 in Fire Magic
   589 | D:1      | Reached XP level 3. HP: 19/19 MP: 6/10
  1378 | D:2      | Slain by a wight

Illustrated notes

Levels and vault maps discovered:
D:1:      dpeg_arrival_concentric_ovals, layout_rooms,
          minmay_misc_feat_enclosed, palyth_stone_intersect, minivault_23,
          minmay_octomino_e4
D:2:      layout_rooms, marbit_many_paths, makhleb_grotto_becter

Skill      XL: |  1  2  3 |
---------------+----------+-----
Fire Magic     | 4 |  4.3
Conjurations   | 2 |  2.3
Dodging        | |  2.4
Stealth        | |  2.7
Spellcasting   | |  3.7

Action                   || total
-------------------------++-------
Melee: Dagger            ||     8
 Cast: Foxfire           ||    75
Armor: Robe              ||     8
Dodge: Dodged            ||    13

Table legend: (Time is in decaauts)
 A = Elapsed time spent in this place.
 B = Non-inter-level travel time spent in this place.
 C = Inter-level travel time spent in this place.
 D = Time resting spent in this place.
 E = Time spent auto-exploring this place.
 F = Levels seen in this place.
 G = Mean time per level.
                   A        B        C        D        E       F      G
               +--------+--------+--------+--------+--------+-----+--------+
         Total |   1377 |   1360 |     17 |      0 |   1115 |   2 |  688.5 |
       Dungeon |   1377 |   1360 |     17 |      0 |   1115 |   2 |  688.5 |
               +--------+--------+--------+--------+--------+-----+--------+

Top non-repeatable levels by time:
     D:1: 1158 daAuts
     D:2: 218 daAuts
